AoeStats
← u2roOck

Black Forest

510851755Analyzed
4v4 RM · 18h ago on Oct 2, 2026· 41m 24s· 8 players
Game mode
Random Map
Map size
Large (8 player)
Population
200
Speed
Normal
Resources
Standard
Victory
Conquest
Starting age
Dark Age
Ending age
Imperial Age
RankedLock teamsTeams togetherTeam positionsShared explorationLock speedFull tech treeHidden civsTurbo modeCheats
Victory
Defeat
🇪🇸 Cumans · Spain
1202
+14
🇨🇱 Koreans · Chile
1110
+18
🇲🇽 Celts · Mexico
1065
+20
🇵🇪 Saracens · Peru
1004
+23
🇧🇴 Persians · Bolivia
1180
-20
🇲🇽 Maya · Mexico
1171
-19
🇲🇽 Celts · Mexico
1136
-18
🇲🇽 Khmer · Mexico
1131
-18
Nichelson3360
0:58 Loom
11:20 Feudal Age
24:14 Castle Age
23:00 Double-Bit Axe
25:20 Bow Saw
29:59 Fletching
33:47 Stone Mining
35:30 Fortified Wall
35:34 Bodkin Arrow
40:23 Imperial Age
41:20 Scale Mail Armor
41:30 Forging
TooCool Peru
9:16 Feudal Age
8:55 Loom
9:50 Double-Bit Axe
12:24 Town Watch
13:03 Fletching
17:16 Horse Collar
21:49 Castle Age
19:58 Gold Mining
22:03 Crossbowman
22:39 Bodkin Arrow
23:23 Bow Saw
24:33 Ballistics
34:00 Imperial Age
32:49 Wheelbarrow
32:52 Gold Shaft Mining
32:18 Heavy Plow
32:27 Padded Archer Armor
35:30 Scale Barding Armor
35:36 Forging
36:11 Bloodlines
36:02 Husbandry
35:23 Heavy Camel Rider
37:32 Chain Barding Armor
41:49 Plate Barding Armor
Elma Kanon
6:27 Loom
12:15 Feudal Age
16:03 Castle Age
14:02 Double-Bit Axe
24:35 Horse Collar
26:51 Heavy Plow
27:03 Bow Saw
26:48 Gold Mining
29:07 Gold Shaft Mining
35:14 Imperial Age
34:28 Ballistics
34:47 Wheelbarrow
37:03 Chemistry
35:28 Heavy Scorpion
37:45 Hand Cart
40:04 Capped Ram
40:57 Siege Ram
Barrelum
9:38 Feudal Age
11:22 Double-Bit Axe
11:35 Loom
22:09 Castle Age
21:48 Gold Mining
22:17 Bloodlines
22:13 Scale Barding Armor
23:27 Chain Barding Armor
25:30 Forging
35:31 Imperial Age
35:41 Pikeman
36:22 Squires
36:09 Arson
36:18 Halberdier
37:03 Scale Mail Armor
37:39 Iron Casting
38:06 Bow Saw
38:37 Chain Mail Armor
38:54 Elite Steppe Lancer
DSLG bolbie
12:26 Feudal Age
12:25 Loom
18:13 Castle Age
21:35 Double-Bit Axe
DSLG | GORDA CACHONDA
11:56 Feudal Age
15:39 Castle Age
14:27 Double-Bit Axe
19:03 Loom
22:04 Horse Collar
23:09 Heavy Plow
24:15 Wheelbarrow
24:22 Bow Saw
24:09 Gold Mining
25:02 Hand Cart
28:46 Imperial Age
27:01 Gold Shaft Mining
27:22 Pikeman
28:13 Scale Barding Armor
28:18 Forging
28:14 Scale Barding Armor
28:51 Bloodlines
28:42 Husbandry
29:25 Chain Barding Armor
30:26 Two-Man Saw
28:58 Cavalier
29:43 Squires
29:42 Town Watch
30:37 Iron Casting
30:08 Scale Mail Armor
30:29 Savar
33:43 Blast Furnace
35:13 Plate Barding Armor
35:35 Town Patrol
39:16 Guilds
u2roOck
10:28 Feudal Age
16:56 Castle Age
17:10 Scale Barding Armor
18:25 Double-Bit Axe
23:05 Bloodlines
22:56 Husbandry
26:09 Fletching
27:37 Bodkin Arrow
34:38 Wheelbarrow
34:43 Bow Saw
DSLG | Maxteel97
0:30 Loom
9:57 Feudal Age
10:09 Man-at-Arms
15:29 Fletching
21:49 Castle Age
19:48 Double-Bit Axe
21:55 Padded Archer Armor
23:04 Wheelbarrow
21:53 Crossbowman
22:30 Bodkin Arrow
24:48 Gold Mining
26:18 Town Watch
26:55 Stone Mining
30:50 Imperial Age
29:17 Ballistics
29:37 Stone Shaft Mining
29:41 Horse Collar
30:55 Arbalester
32:22 Bracer
Connection lost

Rejoining the realm…

Still unreachable

The connection could not be restored.

Session expired

The server has moved on; the page needs a fresh start.